 Dungeon Crawl Stone Soup version 0.17-a0-72-gd614ac0 (webtiles) character file.

851 Ngotmuk the Carver (level 8, 0/58 HPs)
             Began as a Human Fighter on Mar 13, 2015.
             Succumbed to Dowan's poison
             ... on level 4 of the Dungeon.
             The game lasted 00:09:47 (3322 turns).

Ngotmuk the Carver (Human Fighter)                  Turns: 3322, Time: 00:09:47

Health: 0/58       AC: 11    Str: 18    XL:     8   Next: 21%
Magic:  8/8        EV:  7    Int:  9    God:
Gold:   157        SH:  9    Dex: 13    Spells: 0 memorised, 7 levels left

rFire  . . .     SeeInvis .     a - +0 long sword (curse)
rCold  . . .     Clarity  .     b - +0 scale mail (curse)
rNeg   . . .     SustAb   .     c - +0 shield (curse)
rPois  .         Gourm    .     i - +0 helmet
rElec  .         Spirit   .     (no cloak)
rCorr  .         Warding  .     (no gloves)
rMut   .         Stasis   .     g - +2 pair of boots (curse)
MR     .....                    (no amulet)
Stlth  ..........               (no ring)
                                (no ring)

@: lethally poisoned (0 -> -17), not resistant to hostile enchantments,
extremely unstealthy
A: no striking features
a: no special abilities


You were on level 4 of the Dungeon.
You were not hungry.

You visited 1 branch of the dungeon, and saw 4 of its levels.
You also visited: Ossuary.

You collected 157 gold pieces.

Inventory:

Hand weapons
 a - a cursed +0 long sword (weapon)
Armour
 b - a cursed +0 scale mail (worn)
 c - a cursed +0 shield (worn)
 g - a cursed +2 pair of boots (worn)
 i - a +0 helmet (worn)
Magical devices
 n - a wand of magic darts (19)
Scrolls
 f - 6 scrolls of identify
 h - a scroll of blinking
 j - 3 scrolls of teleportation
 m - a scroll of enchant weapon
 p - a scroll of amnesia {unknown}
 s - a scroll of fear {unknown}
 t - a scroll of brand weapon {unknown}
 u - a scroll of remove curse {unknown}
Potions
 e - 3 potions of might
 k - a potion of brilliance
 l - 2 potions of resistance
 o - a potion of agility
 q - a potion of beneficial mutation {unknown}
 r - a potion of flight {unknown}
Comestibles
 d - 2 bread rations


   Skills:
 - Level 3.0 Fighting
 * Level 9.0 Long Blades
 - Level 3.0 Armour
 - Level 3.0 Shields


You had 7 spell levels left.
You didn't know any spells.

Dungeon Overview and Level Annotations

Branches:
Dungeon (4/15)
 Temple: D:4-7

Altars:
Dithmenos
Ru
Sif Muna
Vehumet


Message History

You hit Dowan.
Dowan is heavily wounded.
* * * LOW HITPOINT WARNING * * *
You feel sick. Dowan barely misses you. You block Dowan's attack.
You closely miss Dowan.
Dowan is heavily wounded.
* * * LOW HITPOINT WARNING * * *
You feel sick. Dowan hits you but does no damage.
You are more poisoned.
You slash Dowan!
You kill Dowan!
Your Long Blades skill increases to level 9!
* * * LOW HITPOINT WARNING * * *
You feel sick.
* * * LOW HITPOINT WARNING * * *
You feel sick.
Found 8 gold pieces.
Things that are here:
a dagger of venom; an embroidered robe; the elf corpse of Dowan You die...

# ........#.#
..##.####.#
#.##......#
#.##.###..# #.##.#
#..# #$##.# #..#
#.##.# ...#
#.##)#.##.#
#@).......#
#...........#.####
############.# #


There were no monsters in sight!

Vanquished Creatures
  Duvessa (D:4)
  5 elf zombies (Ossuary)
  Blork the orc (D:4)
  Dowan (D:4)
  A hound (D:4)
  A centaur zombie (Ossuary)
  A giant frog skeleton (D:4)
  Ijyb (D:2)
  Jessica (D:2)
  A hound zombie (Ossuary)
  4 mummies
  3 adders
  A giant mite (D:2)
  3 worms (D:2)
  2 adder zombies (Ossuary)
  A giant gecko (D:2)
  An orc (D:3)
  3 ball pythons
  A giant cockroach (D:3)
  2 gnoll zombies (Ossuary)
  6 hobgoblins
  8 jackals
  9 kobolds
  An ooze (D:2)
  10 bats
  4 giant newts
  9 goblins
  4 goblin zombies (Ossuary)
  4 hobgoblin zombies (Ossuary)
  4 jackal zombies (Ossuary)
  6 kobold zombies (Ossuary)
  An orc zombie (Ossuary)
  A quokka zombie (Ossuary)
  9 rats
  5 rat zombies (Ossuary)
116 creatures vanquished.

Notes
Turn   | Place    | Note
--------------------------------------------------------------
     0 | D:1      | Ngotmuk, the Human Fighter, began the quest for the Orb.
     0 | D:1      | Reached XP level 1. HP: 18/18 MP: 1/1
   193 | D:1      | Reached XP level 2. HP: 18/24 MP: 2/2
   847 | D:2      | Reached XP level 3. HP: 15/29 MP: 3/3
   999 | D:2      | Noticed Ijyb
  1020 | D:2      | HP: 1/29 [Ijyb/club (4)]
  1021 | D:2      | Killed Ijyb
  1369 | D:2      | Reached skill level 4 in Long Blades
  1369 | D:2      | Reached XP level 4. HP: 33/35 MP: 4/4
  1714 | D:2      | Noticed Jessica
  1736 | D:2      | Killed Jessica
  1736 | D:2      | Reached XP level 5. HP: 38/41 MP: 5/5
  1944 | D:3      | Reached skill level 5 in Long Blades
  2083 | D:3      | Found a sacrificial altar of Ru.
  2620 | D:3      | Found a shadowy altar of Dithmenos.
  2744 | D:3      | Found a deep blue altar of Sif Muna.
  2744 | D:3      | Found a radiant altar of Vehumet.
  2807 | D:4      | Found a sand-covered staircase.
  2817 | Ossuary  | Entered an ossuary
  2849 | Ossuary  | Reached skill level 6 in Long Blades
  2849 | Ossuary  | Reached XP level 6. HP: 43/47 MP: 6/6
  3064 | Ossuary  | Reached skill level 7 in Long Blades
  3064 | Ossuary  | Reached XP level 7. HP: 48/52 MP: 7/7
  3214 | Ossuary  | Reached skill level 8 in Long Blades
  3262 | D:4      | Noticed Blork the orc
  3275 | D:4      | Killed Blork the orc
  3278 | D:4      | Reached XP level 8. HP: 46/58 MP: 8/8
  3301 | D:4      | Noticed Dowan
  3303 | D:4      | Noticed Duvessa
  3310 | D:4      | Killed Duvessa
  3320 | D:4      | Killed Dowan
  3320 | D:4      | Reached skill level 9 in Long Blades
  3321 | D:4      | HP: 1/58 [poisoned by Dowan]
  3322 | D:4      | Succumbed to Dowan's poison

Action                   |  1- 3 |  4- 6 |  7- 9 || total
-------------------------+-------+-------+-------++-------
Melee: Long sword        |    92 |   234 |    88 ||   414
  Use: Scroll            |       |     6 |       ||     6
  Eat: Pizza             |     1 |       |       ||     1
       Bread ration      |       |     1 |       ||     1
       Meat ration       |       |     1 |       ||     1
